 Dungeon Crawl Stone Soup version 0.19.5 (webtiles) character file.

44 hyperquik the Chopper (level 3, 0/46 HPs)
             Began as a Hill Orc Abyssal Knight on May 10, 2017.
             Was a Believer of Lugonu.
             Succumbed to an adder's poison
             ... on level 2 of the Dungeon.
             The game lasted 00:02:35 (902 turns).

hyperquik the Chopper (Hill Orc Abyssal Knight)      Turns: 902, Time: 00:02:35

Health: 0/46       AC: 21    Str: 14    XL:     3   Next: 60%
Magic:  4/4        EV:  2    Int: 17    God:    Lugonu [**....]
Gold:   55         SH:  0    Dex: 11    Spells: 0 memorised, 2 levels left

rFire  + . .     SeeInvis .     a - +1 hand axe
rCold  + . .     Gourm    .     (armour currently unavailable)
rNeg   + + +     Faith    .     (no shield)
rPois  +         Spirit   .     (helmet currently unavailable)
rElec  +         Reflect  .     (cloak currently unavailable)
rCorr  +         Harm     .     (gloves currently unavailable)
MR     .....     NoTele   +     (boots currently unavailable)
Stlth  +.........               (no amulet)
                                (no ring)
                                (no ring)

@: brilliant, lethally poisoned (0 -> -1), tree-form, resistant
A: (hooves 0), (large bone plates 0)
a: Depart the Abyss, Bend Space, Renounce Religion


You were on level 2 of the Dungeon.
You worshipped Lugonu.
Lugonu was pleased with you.
You were not hungry.
You were a tree.
You visited 1 branch of the dungeon, and saw 2 of its levels.
You visited the Abyss 1 time.

You collected 55 gold pieces.

Inventory:

Hand Weapons
 a - a +1 hand axe (weapon)
Missiles
 f - 33 poisoned needles
 l - 2 javelins (quivered)
 Q - 46 stones
Armour
 b - a +0 leather armour (melded)
Scrolls
 d - a scroll of immolation {unknown}
 e - 2 scrolls of identify {unknown}
 j - a scroll of teleportation {unknown}
Potions
 h - 4 potions of brilliance
Comestibles
 c - a bread ration
 g - a chunk of flesh


   Skills:
 - Level 3.6 Fighting
 + Level 5.1 Axes
 - Level 2.1 Armour
 - Level 0.7 Dodging
 - Level 2.4 Invocations


You had 2 spell levels left.
You didn't know any spells.

Dungeon Overview and Level Annotations

Branches:
Dungeon (2/15)

Altars:


Innate Abilities, Weirdness & Mutations

((You have hoof-like feet.))
((You are partially covered in large bone plates. (SH +4)))


Message History

* * * LOW HITPOINT WARNING * * *
You feel sick.
Okay, then.
There is a lethal amount of poison in your body!
* * * LOW HITPOINT WARNING * * *
You feel sick.
You take 1 damage, and have 2/31 hp.
* * * LOW HITPOINT WARNING * * *
You feel sick.
You see here a frilled lizard corpse.
You take 1 damage, and have 1/31 hp.
It was a potion of lignification.
You turn into a tree.
Your +0 leather armour melds into your body.
Your roots penetrate the ground.
You now have 1/46 hp.
There is a lethal amount of poison in your body!
* * * LOW HITPOINT WARNING * * *
You feel sick.
You take 1 damage, and have 1/46 hp.
You die...

#. . #.# .## .. ..#
#.##.# #.†#.#
##.#.######## #
#..............
###.............
#.>....♣..##..###
!...#$......##.....
#####..............
#......<.####.
#......†##
##......# #......#
#.......# #.......#


There were no monsters in sight!

Vault maps used:
D:1:      erik_arrival_blinker_ship, minmay_tripent
D:2:      first_bread, uniq_robin

Notes
Turn   | Place    | Note
-------+----------+-------------------------------------------
     0 | Abyss:1  | hyperquik the Hill Orc Abyssal Knight began the quest for the Orb.
     0 | Abyss:1  | Reached XP level 1. HP: 19/19 MP: 2/2
    15 | D:1      | Escaped the Abyss
    69 | D:1      | Reached skill level 3 in Axes
   112 | D:1      | Reached XP level 2. HP: 26/26 MP: 3/3
   246 | D:1      | Reached skill level 4 in Axes
   540 | D:1      | Reached XP level 3. HP: 31/31 MP: 4/4
   778 | D:1      | Reached ** piety under Lugonu
   882 | D:2      | HP: 7/31 [poisoned by an adder]
   884 | D:2      | Reached skill level 5 in Axes
   885 | D:2      | Identified 5 potions of brilliance
   886 | D:2      | Identified a potion of flight
   886 | D:2      | HP: 3/31 [poisoned by an adder]
   887 | D:2      | Identified a potion of mutation
   887 | D:2      | Gained mutation: You are partially covered in large bone plates. (SH +4) [potion of mutation]
   887 | D:2      | Gained mutation: You have large cloven feet. [potion of mutation]
   887 | D:2      | Gained mutation: You have hoof-like feet. [potion of mutation]
   888 | D:2      | Identified a potion of resistance
   891 | D:2      | HP: 2/31 [poisoned by an adder]
   895 | D:2      | Identified a potion of lignification
   898 | D:2      | HP: 1/46 [poisoned by an adder]
   902 | D:2      | Succumbed to an adder's poison

Table legend:
 A = Turns spent in this place as a percentage of turns spent in the entire game.
 B = Non-inter-level travel turns spent in this place as a percentage of non-inter-level travel turns spent in the entire game.
 C = Inter-level travel turns spent in this place as a percentage of turns spent in this place.
 D = Turns resting spent in this place as a percentage of non-inter-level travel turns spent in this place.
 E = Turns spent auto-exploring this place as a percentage of non-inter-level travel turns spent in this place.
 F = Non-inter-level travel turns spent in this place divided by the number of levels of this place that you've seen.
                   A       B       C       D       E      F
               +-------+-------+-------+-------+-------+----------------------
         Total | 100.0 | 100.0 |   0.4 |   0.8 |  12.8 |  88.3
       Dungeon |  93.6 |  93.6 |   0.4 |   0.8 |  13.7 | 124.0
         Abyss |   6.4 |   6.4 |   0.0 |   0.0 |   0.0 |  17.0
               +-------+-------+-------+-------+-------+----------------------

Table legend:
 A = Kills in this place as a percentage of kills in entire the game.
 B = Kills by you in this place as a percentage of kills by you in the entire game.
 C = Kills by friends in this place as a percentage of kills by friends in the entire game.
 D = Other kills in this place as a percentage of other kills in the entire game.
 E = Experience gained in this place as a percentage of experience gained in the entire game.
 F = Experience gained in this place divided by the number of levels of this place that you have seen.
                   A       B       C       D       E      F
               +-------+-------+-------+-------+-------+----------------------
         Total | 100.0 | 100.0 |  -nan |  -nan | 100.0 |  21.0
       Dungeon | 100.0 | 100.0 |  -nan |  -nan | 100.0 |  31.5
               +-------+-------+-------+-------+-------+----------------------

Skill      XL: |  1  2  3 |
---------------+----------+-----
Axes           | 3 4 5 |  5.1
Fighting       | |  3.6
Armour         | |  2.1
Dodging        | |  0.7
Invocations    | |  2.4

Action                   || total
-------------------------++-------
Melee: Hand axe          ||   104
  Use: Potion            ||     5
Armor: Leather armour    ||    37
Dodge: Dodged            ||    71

Vanquished Creatures
  An adder (D:2)
  2 dart slugs (D:1)
  A leopard gecko (D:1)
  A ball python (D:1)
  A giant cockroach (D:1)
  2 goblins (D:1)
  2 hobgoblins (D:1)
  4 jackals
  3 kobolds
  3 bats (D:1)
  5 frilled lizards
  5 rats
30 creatures vanquished.
